 Dungeon Crawl Stone Soup version 0.23.2-33-g5129a83184 (webtiles) character file.

Game seed: 8184319758799921626

180 Derp the Conjurer (level 5, -3/28 HPs)
             Began as a Deep Elf Conjurer on July 14, 2019.
             Was an Initiate of Sif Muna.
             Slain by an orc warrior
             ... wielding a +0 mace of draining
              (24 damage)
             ... on level 3 of the Dungeon.
             The game lasted 00:13:02 (2439 turns).

Derp the Conjurer (Deep Elf Conjurer)               Turns: 2439, Time: 00:13:03

Health: -3/28      AC:  3    Str:  5    XL:     5   Next: 33%
Magic:  11/13      EV: 13    Int: 21    God:    Sif Muna [......]
Gold:   134        SH:  0    Dex: 15    Spells: 11/12 levels left

rFire    . . .     SeeInvis .   r - +4 quarterstaff (chaos)
rCold    . . .     Gourm    +   (shield currently unavailable)
rNeg     . . .     Faith    .   a - +0 robe
rPois    .         Spirit   .   (no helmet)
rElec    .         Reflect  .   s - +0 cloak
rCorr    .         Harm     .   (no gloves)
MR       .....                  (no boots)
Stlth    ++........             g - amulet of the gourmand
HPRegen  0.09/turn              (no ring)
MPRegen  0.13/turn              (no ring)

@: lightly drained
A: no striking features
a: Renounce Religion


You were on level 3 of the Dungeon.
You worshipped Sif Muna.
Sif Muna was noncommittal.
You were very full.

You visited 1 branch of the dungeon, and saw 3 of its levels.

You collected 134 gold pieces.

Inventory:

Hand Weapons
 r - a +4 quarterstaff of chaos (weapon)
 t - a +0 mace
 u - a +3 flail
Armour
 a - a +0 robe (worn)
 s - a +0 cloak (worn)
Jewellery
 g - an amulet of the gourmand (around neck)
 k - an uncursed amulet of harm
Wands
 h - a wand of digging (6)
Scrolls
 b - 2 scrolls of noise {unknown}
 d - a scroll of immolation {unknown}
 e - 2 scrolls of magic mapping {unknown}
 f - a scroll of amnesia {unknown}
 i - 4 scrolls of remove curse
 j - a scroll of teleportation {unknown}
 l - a scroll of enchant weapon {unknown}
 m - a scroll of fog {unknown}
Potions
 n - 2 potions of curing
 o - a potion of heal wounds {unknown}
 p - a potion of magic {unknown}
 q - a potion of lignification {unknown}
 v - a potion of haste {unknown}
 w - a potion of resistance {unknown}
Comestibles
 c - 2 rations


   Skills:
 * Level 0.2(0.0) Staves
 + Level 2.8(2.4) Dodging
 + Level 2.5(2.2) Stealth
 + Level 4.3(4.0) Spellcasting
 + Level 6.5(6.1) Conjurations


You had 11 spell levels left.
You knew the following spells:

 Your Spells              Type           Power        Failure   Level  Hunger
a - Magic Dart            Conj           ####         1%          1    None

Your spell library contained the following spells:

 Spells                   Type           Power        Failure   Level  Hunger
 Searing Ray              Conj           ####..       1%          2    #......
 Dazzling Spray           Conj/Hex       ###...       10%         3    ###....
 Iskenderun's Mystic Bla  Conj           ####....     10%         4    ####...
 Force Lance              Conj/Tloc      ###.....     32%         4    ####...
 Fulminant Prism          Conj/Hex       ###.......   32%         4    ####...


Dungeon Overview and Level Annotations

Branches:
Dungeon (3/15)

Altars:
Nemelex Xobeh
Sif Muna
Yredelemnul


Message History

Things that are here:
a +0 flail; a +0 ring mail The orc warrior grunts to no one in particular.
Casting: Magic Dart (safe; 1% risk of failure)
Confirm with . or Enter, or press ? or * to list all spells.
Aiming: Magic Dart (safe; 1% risk of failure)
Press: ? - help, Shift-Dir - straight line, f/p - orc warrior
Aim: an orc warrior, wielding a +0 mace of draining and wearing a +0 plate armour The magic dart hits the orc warrior.
The orc warrior is lightly wounded.
Casting: Magic Dart (safe; 1% risk of failure)
Confirm with . or Enter, or press ? or * to list all spells.
Aiming: Magic Dart (safe; 1% risk of failure)
Press: ? - help, Shift-Dir - straight line, f/p - orc warrior
Aim: an orc warrior, wielding a +0 mace of draining and wearing a +0 plate armour (lightly wounded)
The magic dart hits the orc warrior but does no damage.
The orc warrior is lightly wounded.
The orc warrior hits you with a +0 mace of draining!!
Ouch! That really hurt!
You die...

..........#
####...>#.###### !.
##.#.#.#....# ..
#.#.#.#.##.### ..
#.#.#.#.##.#.# .[
#.#.#.#.##.#.##### .l
#.#.#...##.#.....# #†
#.#.#......#o##.##
#.###.#.#.######@##.#
#.)...).#.######.##.#
#.##...##.##.....##.#
#. ##..##.##.###.##.#
.. #..#.....# ####.#
.. #..#..#########.##
.g #..#.............#
.. #..#.#############
.. ##..#.#


You could see an orc warrior.

Vanquished Creatures
  Crazy Yiuf (D:2)
  4 adders
  3 oozes
  4 worms
  A dart slug (D:1)
  4 leopard geckos
  5 orcs (D:3)
  9 bats
  2 giant cockroaches (D:1)
  11 goblins
  10 hobgoblins
  4 jackals (D:1)
  8 kobolds
  2 quokkas
  3 frilled lizards
  6 rats
77 creatures vanquished.

Notes
Turn   | Place    | Note
-------+----------+-------------------------------------------
     0 | D:1      | Derp the Deep Elf Conjurer began the quest for the Orb.
     0 | D:1      | Reached XP level 1. HP: 10/10 MP: 6/6
   302 | D:1      | Reached XP level 2. HP: 15/15 MP: 2/8
   434 | D:1      | Reached skill level 5 in Conjurations
   781 | D:2      | Reached XP level 3. HP: 19/19 MP: 5/9
   997 | D:2      | Found a runed translucent door.
   998 | D:2      | Noticed Crazy Yiuf
  1275 | D:2      | Found a sparkling altar of Nemelex Xobeh.
  1280 | D:2      | Reached XP level 4. HP: 11/24 MP: 5/11
  1291 | D:2      | Became a worshipper of Nemelex Xobeh the Trickster
  1332 | D:2      | Found a deep blue altar of Sif Muna.
  1356 | D:2      | Fell from the grace of Nemelex Xobeh
  1356 | D:2      | Became a worshipper of Sif Muna the Loreminder
  1607 | D:2      | Killed Crazy Yiuf
  1607 | D:2      | Reached skill level 6 in Conjurations
  1836 | D:3      | Reached XP level 5. HP: 20/28 MP: 11/13
  1953 | D:3      | Found a basalt altar of Yredelemnul.
  2270 | D:3      | Noticed an orc warrior
  2439 | D:3      | Slain by an orc warrior

Skill      XL: |  1  2  3  4 |
---------------+-------------+-----
Conjurations   | 5 6 |  6.5
Spellcasting   | 4 |  4.3
Staves         | |  0.2
Dodging        | |  2.8
Stealth        | |  2.5

Action                   |  1- 3 |  4- 6 || total
-------------------------+-------+-------++-------
 Cast: Magic Dart        |    83 |   100 ||   183
  Use: Scroll            |       |     4 ||     4
  Eat: Ration            |     1 |       ||     1
       Chunk             |       |    12 ||    12
Armor: Robe              |     2 |     2 ||     4
Dodge: Dodged            |       |    12 ||    12
